 Dungeon Crawl Stone Soup version 0.26-a0-599-gc8f6553d2c (webtiles) character file.

Game seed: 15730581953883036545

74 ANON1729 the Shield-Bearer (level 4, 0/31 HPs)
             Began as an Octopode Fighter on Aug 29, 2020.
             Slain by an orc wizard
             ... wielding a +0 dagger
              (4 damage)
             ... on level 2 of the Dungeon.
             The game lasted 00:00:55 (776 turns).

ANON1729 the Shield-Bearer (Octopode Fighter)        Turns: 776, Time: 00:00:56

Health: 0/31       AC:  1    Str: 16    XL:     4   Next: 30%
Magic:  4/4        EV: 12    Int: 10    God:
Gold:   46         SH:  9    Dex: 11    Spells: 3/3 levels left

rFire    . . .     SeeInvis .   a - +0 long sword
rCold    . . .     Faith    .   b - +0 kite shield
rNeg     . . .     Spirit   .   (helmet restricted)
rPois    .         Reflect  .   (no amulet)
rElec    .         Harm     .   e - ring of resist corrosion
rCorr    +                      (no ring)
MR       .....                  (no ring)
Stlth    ++........             (no ring)
HPRegen  0.10/turn              (no ring)
MPRegen  0.09/turn              (no ring)
                                (no ring)
                                (no ring)

@: mighty
A: almost no armour, stealthy swim, amphibious, 8 rings, constrict 8, camouflage
1, gelatinous body 1
a: no special abilities


You were on level 2 of the Dungeon.
You visited 1 branch of the dungeon, and saw 2 of its levels.

You collected 46 gold pieces.

Inventory:

Hand Weapons
 a - a +0 long sword (weapon)
Armour
 b - a +0 kite shield (worn)
Jewellery
 e - a ring of resist corrosion (left tentacle)
 l - an uncursed ring of protection from magic {unknown}
Scrolls
 d - 6 scrolls of identify {unknown}
 f - a scroll of noise {unknown}
 g - a scroll of blinking {unknown}
 i - a scroll of teleportation {unknown}
 k - a scroll of random uselessness {unknown}
Potions
 c - a potion of might
 h - a potion of curing {unknown}
 j - a potion of mutation {unknown}


   Skills:
 + Level 3.5 Fighting
 + Level 2.7 Long Blades
 + Level 3.5 Dodging
 + Level 3.6 Shields


You had 3 spell levels left.
You didn't know any spells.
Your spell library was empty.

Dungeon Overview and Level Annotations

Branches:
Dungeon (2/15)

Altars:


Innate Abilities, Weirdness & Mutations

You cannot wear most types of armour.
You are very stealthy in the water. (Stealth+)
You are amphibious.
You can wear up to eight rings at the same time.
You can use your tentacles to constrict eight enemies at once.
Your skin changes colour to match your surroundings (Stealth+).
Your rubbery body absorbs attacks. (AC +1, EV +1)


Message History

A frilled lizard comes into view.
You hear some strange, mumbled words.
A magic dart appears from out of thin air!
The magic dart hits you.
* * * LOW HITPOINT WARNING * * *
A magic dart appears from out of thin air!
The magic dart hits something!
You block something's attack.
The frilled lizard moves out of view.
You miss something. Your squeeze misses something.
You hear some strange, mumbled words.
A puff of frost appears from out of thin air!
The puff of frost hits something!
Reactivating autopickup.
You feel a bit more experienced.
Deactivating autopickup; reactivate with Ctrl-A.
You miss something. Something hits you.
* * * LOW HITPOINT WARNING * * *
You hit something. Something hits you but does no damage.
You miss something. Your squeeze misses something. Something hits you.
You die...

...#........[..#..
..##......(.......
.......####....###.
.##.# #....### ...
##(.....# .#
##.....#.#
##...####.#
######...## #
#)l)@...##
......)####.......
...(.## #.#.....
.(.# #.#...... ..
#.#...... .
#.#...... #.# .....
.#


You could see a frilled lizard.

Vanquished Creatures
  An orc priest (D:2)
  An adder (D:2)
  A worm (D:2)
  A dart slug (D:1)
  An orc (D:2)
  2 giant cockroaches (D:1)
  4 hobgoblins (D:1)
  A ball python (D:1)
  A bat (D:1)
  A frilled lizard (D:1)
  7 goblins
  5 kobolds
  A rat (D:1)
27 creatures vanquished.

Vanquished Creatures (others)
  An orc wizard (D:2)
1 creature vanquished.

Grand Total: 28 creatures vanquished

Notes
Turn   | Place    | Note
-------+----------+-------------------------------------------
     0 | D:1      | ANON1729 the Octopode Fighter began the quest for the Orb.
     0 | D:1      | Reached XP level 1. HP: 16/16 MP: 1/1
   208 | D:1      | Reached XP level 2. HP: 16/21 MP: 2/2
   561 | D:1      | Reached XP level 3. HP: 26/26 MP: 3/3
   767 | D:2      | Reached XP level 4. HP: 30/31 MP: 4/4
   776 | D:2      | Slain by an orc wizard

Illustrated notes

Levels and vault maps discovered:
D:1:      minmay_arrival_five_plusses, layout_rooms, serial_forest,
          infiniplex_forest_straight_5, infiniplex_forest_clump_curved,
          infiniplex_forest_lined_2, infiniplex_forest_lined_2,
          infiniplex_forest_lined_3, infiniplex_forest_pool
D:2:      layout_rooms, hangedman_glass_teeth, tgw_kikubaaqudgha

Action                   |  1- 3 |  4- 6 || total
-------------------------+-------+-------++-------
Melee: Long sword        |    39 |     6 ||    45
       Constrict         |    13 |       ||    13
       Tentacles         |    12 |       ||    12
  Use: Potion            |       |     1 ||     1
Armor: Skin              |     3 |       ||     3
Dodge: Dodged            |    19 |       ||    19
Block: Kite shield       |    25 |     1 ||    26
       Rpst.: Long sword |     8 |       ||     8

Table legend: (Time is in decaauts)
 A = Elapsed time spent in this place.
 B = Non-inter-level travel time spent in this place.
 C = Inter-level travel time spent in this place.
 D = Time resting spent in this place.
 E = Time spent auto-exploring this place.
 F = Levels seen in this place.
 G = Mean time per level.
                   A        B        C        D        E       F      G
               +--------+--------+--------+--------+--------+-----+--------+
         Total |    791 |    766 |     25 |    302 |    323 |   2 |  395.5 |
       Dungeon |    791 |    766 |     25 |    302 |    323 |   2 |  395.5 |
               +--------+--------+--------+--------+--------+-----+--------+

Top non-repeatable levels by time:
     D:1: 719 daAuts
     D:2: 72 daAuts
